 Dungeon Crawl Stone Soup version 0.30-a0-637-gacddeb6d44 (webtiles) character file.

Game seed: 1530197605160093598

267 Leeroy the Slasher (level 6, 0/35 HPs)
             Began as a Tengu Warper on Jan 15, 2023.
             Was a Priest of Uskayaw.
             Succumbed to a scorpion's poison
             ... on level 4 of the Dungeon.
             The game lasted 00:02:38 (2475 turns).

Leeroy the Slasher (Tengu Warper)                   Turns: 2475, Time: 00:02:39

Health: 0/35       AC:  4    Str: 12    XL:     6   Next: 21%
Magic:  10/10      EV: 14    Int: 13    God:    Uskayaw [***...]
Gold:   151        SH:  0    Dex: 15    Spells: 9/9 levels left

rFire   . . .      SeeInvis .    a - +0 falchion
rCold   . . .      Faith    .    (no shield)
rNeg    . . .      Spirit   .    b - +0 leather armour
rPois   .          Reflect  .    (helmet restricted)
rElec   .          Harm     .    n - +0 cloak
rCorr   .          Rampage  .    (no gloves)
Will    .....                    (boots unavailable)
Stlth   +                        (no amulet)
HPRegen 0.25/turn                (no ring)
MPRegen 0.12/turn                (no ring)

@: lethally poisoned (0 -> -10), flying quickly and evasively, quick
A: beak, talons 3, nimble flight
a: Renounce Religion, Stomp, Line Pass


You were on level 4 of the Dungeon.
You worshipped Uskayaw.
Uskayaw was noncommittal.
You visited 1 branch of the dungeon, and saw 4 of its levels.

You collected 151 gold pieces.

Inventory:

Hand Weapons
 a - a +0 falchion (weapon)
 t - a +0 rapier
Missiles
 d - 7 boomerangs of dispersal (quivered)
 g - 2 throwing nets
Armour
 b - a +0 leather armour (worn)
 n - a +0 cloak (worn)
Jewellery
 o - a ring of flight
Scrolls
 c - a scroll of blinking
 e - 4 scrolls of identify {unknown}
 f - a scroll of fear {unknown}
 i - 2 scrolls of amnesia {unknown}
 j - 3 scrolls of fog {unknown}
 k - 2 scrolls of magic mapping {unknown}
 l - 5 scrolls of teleportation {unknown}
 p - a scroll of noise {unknown}
Potions
 h - a potion of magic
 m - a potion of curing {unknown}
 r - a potion of degeneration {unknown}
 s - a potion of heal wounds {unknown}


   Skills:
 - Level 2.0 Fighting
 + Level 7.0 Long Blades
 - Level 1.0 Throwing
 - Level 1.1 Armour
 - Level 2.1 Dodging
 - Level 2.0 Spellcasting
 - Level 2.4 Translocations


You had 9 spell levels left.
You didn't know any spells.
Your spell library contained the following spells:

 Spells                   Type           Power      Damage    Failure   Level
 Blink                    Tloc           14%        N/A       19%         2
 Lesser Beckoning         Tloc           14%        N/A       36%         3
 Teleport Other           Tloc           7%         N/A       36%         3
 Vhi's Electric Charge    Tloc/Air       8%         N/A       52%         3
 Manifold Assault         Tloc           7%         N/A       77%         4


Dungeon Overview and Level Annotations

Branches:
Dungeon (3/15)

Altars:
Uskayaw
The Shining One

Shops:
D:1 **(:(


Innate Abilities, Weirdness & Mutations

You have a beak for a mouth.
You have claws for feet.
Your magical nature lets you fly swiftly and evasively.


Message History

You hit the scorpion. Your kick misses the scorpion. You peck the scorpion.
The scorpion is moderately wounded.
The scorpion stings you.
You are poisoned.
The scorpion poisons you!
You are too injured to fight recklessly!
You are too injured to fight recklessly!
You are too injured to fight recklessly!
You hit the scorpion but do no damage.
The scorpion is moderately wounded.
You feel sick. The scorpion barely misses you. The scorpion misses you.
You hit the scorpion but do no damage. You claw the scorpion.
The scorpion is heavily wounded.
You feel sick.
The scorpion stings you but does no damage.
Okay, then.
Okay, then.
You slash the scorpion!
The scorpion is almost dead.
You feel sick. The scorpion stings you.
* * * LOW HITPOINT WARNING * * *
You are lethally poisoned!
The scorpion poisons you!
Uskayaw will force your foes to helplessly watch your dance.
Uskayaw prepares the audience for your solo!
Unknown command.
The helpless scorpion fails to defend itself.
You hit the scorpion.
You kill the scorpion!
* * * LOW HITPOINT WARNING * * *
You feel very sick.
Your Long Blades skill increases to level 7!
You have reached level 6!
Okay, then.
It was a potion of magic.
Magic courses through your body.
* * * LOW HITPOINT WARNING * * *
You feel very sick.
It was a potion of flight.
You feel more buoyant.
You die...

#..#... ..... ##..#
####..## ### ##.†.)..#
...### #..###.## .. .
..... ##..##..#..... ....
#......#.....
####.####....@††......
#.......#.............
####.†.....#.....###.....
#..#.†.....#.............
......._............##..#
#.##.†.††..#........##..#
#..†.††.#.....).......
#....†..#.........##
..####†####......#....


There were no monsters in sight!

Vanquished Creatures
  2 scorpions (D:4)
  A howler monkey (D:4)
  A hound (D:2)
  2 adders (D:2)
  2 worms (D:2)
  3 endoplasms
  A giant cockroach (D:3)
  6 goblins
  2 hobgoblins
  7 jackals (D:4)
  3 quokkas
  9 ball pythons
  7 bats
  2 frilled lizards
  3 kobolds
51 creatures vanquished.

Notes
Turn   | Place    | Note
-------+----------+-------------------------------------------
     0 | D:1      | Leeroy the Tengu Warper began the quest for the Orb.
     0 | D:1      | Reached XP level 1. HP: 12/12 MP: 4/4
    48 | D:1      | Found Gilutih's Book Shop.
    73 | D:1      | Found Fefot's Assorted Antiques.
   308 | D:1      | Found Bodgher's Antique Weapon Emporium.
   320 | D:1      | Reached skill level 3 in Long Blades
   320 | D:1      | Reached XP level 2. HP: 12/17 MP: 6/6
   341 | D:1      | Found Zugoul's Assorted Antiques.
   476 | D:1      | Found Efemmeem's Weapon Boutique.
  1150 | D:2      | Reached skill level 4 in Long Blades
  1150 | D:2      | Reached XP level 3. HP: 11/21 MP: 7/7
  1176 | D:2      | Reached XP level 4. HP: 9/26 MP: 8/8
  1342 | D:2      | Found a glowing golden altar of the Shining One.
  1930 | D:2      | Reached skill level 5 in Long Blades
  2341 | D:3      | You fall into a shaft and drop 1 floor!
  2342 | D:4      | Found a hide-covered altar of Uskayaw.
  2354 | D:4      | Gained mutation: Your magical nature lets you fly swiftly
                  | and evasively. [Tengu growth]
  2354 | D:4      | Reached XP level 5. HP: 24/30 MP: 9/9
  2376 | D:4      | Became a worshipper of Uskayaw the Reveller
  2434 | D:4      | Reached * piety under Uskayaw
  2437 | D:4      | Reached ** piety under Uskayaw
  2439 | D:4      | Reached skill level 6 in Long Blades
  2472 | D:4      | Reached *** piety under Uskayaw
  2474 | D:4      | Reached skill level 7 in Long Blades
  2474 | D:4      | Reached XP level 6. HP: 5/35 MP: 10/10
  2475 | D:4      | Succumbed to a scorpion's poison

Illustrated notes

Levels and vault maps discovered:
D:1:      minmay_arrival_arboretum_small, layout_basic, serial_shops,
          nicolae_shop_window_shopping, shop, nicolae_shop_window_shopping,
          shop, shop, minmay_misc_feat_hallway
D:2:      layout_basic, basic_altar
D:3:      layout_loops_ring, lemuel_doored_altar, uniq_crazy_yiuf_cottage
D:4:      layout_cave_pools, overflow_temple_1_default, zin_angel,
          nicolae_uskayaw_murder_on_the_dancefloor, minmay_circle_x,
          uniq_duvessa, uniq_natasha, uniq_grinder

Skill      XL: |  1  2  3  4  5 |
---------------+----------------+-----
Long Blades    | 3 4 5 7 |  7.0
Fighting       | |  2.0
Throwing       | |  1.0
Armour         | |  1.1
Dodging        | |  2.1
Spellcasting   | |  2.0
Translocations | |  2.4

Action                   |  1- 3 |  4- 6 || total
-------------------------+-------+-------++-------
Melee: Falchion          |    41 |    89 ||   130
       Kick              |    10 |    23 ||    33
       Peck              |     3 |    14 ||    17
       Punch             |       |     2 ||     2
  Use: Potion            |       |     2 ||     2
 Stab: Sleeping          |       |     1 ||     1
       Paralysed         |       |     1 ||     1
Armor: Leather armour    |     6 |    24 ||    30
Dodge: Dodged            |    22 |    65 ||    87

Table legend: (Time is in decaauts)
 A = Elapsed time spent in this place.
 B = Non-inter-level travel time spent in this place.
 C = Inter-level travel time spent in this place.
 D = Time resting spent in this place.
 E = Time spent auto-exploring this place.
 F = Levels seen in this place.
 G = Mean time per level.
                   A        B        C        D        E       F      G
               +--------+--------+--------+--------+--------+-----+--------+
         Total |   2477 |   2407 |     70 |      4 |   2051 |   4 |  619.2 |
       Dungeon |   2477 |   2407 |     70 |      4 |   2051 |   4 |  619.2 |
               +--------+--------+--------+--------+--------+-----+--------+

Top non-repeatable levels by time:
     D:2: 1276 daAuts
     D:1: 949 daAuts
     D:4: 129 daAuts
     D:3: 122 daAuts
